AoeStats
← ecerva.27

Arena

507414193Analyzed
1v1 RM · 14d ago on Sep 18, 2026· 47m 34s· 2 players
Game mode
Random Map
Map size
Tiny (2 player)
Population
200
Speed
Normal
Resources
Standard
Victory
Conquest
Starting age
Dark Age
Ending age
Imperial Age
RankedLock teamsTeams togetherTeam positionsShared explorationLock speedFull tech treeHidden civsTurbo modeCheats
Victory
Defeat
🇺🇸 Shu · United States
1198
+16
🇲🇽 Koreans · Mexico
1197
-16
ecerva.27
10:04 Feudal Age
14:09 Castle Age
13:49 Double-Bit Axe
15:15 Loom
22:55 Fletching
26:05 Wheelbarrow
26:45 Horse Collar
27:50 Bow Saw
32:20 Imperial Age
30:16 Bodkin Arrow
33:30 Conscription
32:43 Elite Fire Lancer
33:49 Scale Mail Armor
33:59 Forging
33:50 Bracer
33:58 Gambesons
34:14 Squires
34:00 Arson
34:59 Chain Mail Armor
34:41 Gambesons
34:57 Squires
35:56 Iron Casting
36:30 Man-at-Arms
38:19 Eupseong
38:24 Arson
40:19 Two-Man Saw
40:36 Conscription
41:45 Elite Skirmisher
42:30 Thumb Ring
44:26 Plate Mail Armor
KAZR
10:55 Feudal Age
12:28 Horse Collar
14:53 Castle Age
14:16 Double-Bit Axe
15:10 Light Cavalry
17:54 Bow Saw
21:42 Wheelbarrow
22:19 Heavy Plow
22:36 Loom
23:37 Stone Mining
24:44 Hand Cart
25:02 Gold Mining
26:31 Scale Mail Armor
29:24 Imperial Age
27:49 Gold Shaft Mining
27:42 Chain Mail Armor
27:37 Forging
27:31 Squires
27:29 Pikeman
29:54 Coiled Serpent Array
29:40 Halberdier
30:57 Plate Mail Armor
30:05 Capped Ram
32:23 Conscription
32:50 Elite White Feather Guard
36:10 Fletching
37:01 Bolt Magazine
37:00 Bodkin Arrow
36:50 Crossbowman
37:26 Arbalester
38:11 Thumb Ring
38:42 Ballistics
38:51 Bracer
39:54 Chemistry
40:29 Siege Engineers
40:27 Padded Archer Armor
41:15 Elite Skirmisher
42:58 Leather Archer Armor
47:07 Ring Archer Armor
Connection lost

Rejoining the realm…

Still unreachable

The connection could not be restored.

Session expired

The server has moved on; the page needs a fresh start.